Map: Hecate LE

Players

ByuN - Winner!

  • Race: Terran Terran
  • Spawn Location: 7:00

MaxPax

  • Race: Protoss Protoss
  • League: Master
  • Spawn Location: 1:00

VOD

Have the link to the VOD?

Description

Time

  • Played on: Dec. 11, 2023, 6:30 a.m.
  • Length: 5:32
Show
View Real Time Build Order
Export as new Build Order

ByuN Terran - Winner!

Build Orders:  

Get SALT Encoding   

  12  0:00  SCV  
  13  0:12  SCV  
  14  0:17  Supply Depot  
  14  0:24  SCV  
  15  0:38  SCV  
  16  0:42  Barracks  
  16  0:45  Refinery  
  16  0:50  SCV  
  17  1:02  SCV  
  18  1:11  Engineering Bay  
  18  1:14  SCV  
  19  1:29  Marine  
  19  1:31  Orbital Command  
  20  1:48  Barracks Reactor  
  20  1:53  Command Center  
  20  1:56  SCV  
  21  2:02  Supply Depot  
  21  2:08  SCV  
  21  2:14  Barracks  
  22  2:21  SCV  
  23  2:24  Marine  
  23  2:25  Marine  
  23  2:29  Barracks  
  25  2:33  SCV  
  26  2:42  Marine x2  
  28  2:45  SCV  
  29  2:57  SCV  
  30  3:01  Marine x2  
  30  3:04  Barracks Tech Lab  
  31  3:06  Orbital Command  
  31  3:09  SCV  
  32  3:17  Barracks Tech Lab  
  32  3:19  Marine x2  
  34  3:22  Orbital Command, SCV  
  34  3:23  Marine, Stimpack  
  36  3:30  Refinery  
  36  3:34  SCV  
  37  3:36  Marine  
  37  3:37  Marine x2  
  37  3:41  Marine  
  41  3:50  Combat Shield  
  41  3:55  Marine x2  
  45  3:57  Supply Depot  
  45  4:06  Marauder  
  45  4:07  SCV x2, Marauder  
  49  4:10  Supply Depot  
  49  4:12  Marine  
  49  4:13  Marine  
  51  4:19  SCV x2  
  51  4:21  Factory  
  53  4:26  Marine  
  53  4:28  Marine  
  53  4:30  Engineering Bay  
  55  4:31  SCV x2  
  55  4:33  Marine  
  55  4:35  Marine  
  59  4:43  Supply Depot, SCV x2  
  61  4:47  Marine x2  
  63  4:55  SCV x2  
  63  4:57  Marine x2  
  67  5:05  Marine x2  
  69  5:07  SCV x2  
  69  5:09  Starport  
  69  5:12  Factory Reactor  
Show
View Real Time Build Order
Export as new Build Order

MaxPax Protoss 

Build Orders: 1 Gate Expand, Blink Stalkers 

Get SALT Encoding   

  12  0:00  Probe  
  13  0:12  Probe  
  14  0:19  Pylon  
  14  0:24  Probe  
  15  0:37  Gateway  
  15  0:39  Probe (Chrono Boost)  
  17  0:50  Assimilator  
  17  0:51  Probe (Chrono Boost)  
  17  0:56  Probe (Chrono Boost)  
  18  1:06  Probe  
  19  1:18  Probe  
  20  1:27  Cybernetics Core  
  20  1:41  Nexus  
  20  1:49  Pylon  
  20  1:52  Probe  
  21  1:57  Assimilator  
  21  2:02  Adept (Chrono Boost)  
  21  2:07  Probe  
  24  2:11  Warp Gate  
  24  2:19  Probe  
  24  2:22  Adept (Chrono Boost)  
  27  2:32  Probe  
  28  2:37  Twilight Council  
  28  2:44  Probe  
  29  2:48  Gateway  
  29  2:55  Probe (Chrono Boost)  
  31  3:02  Stalker, Probe (Chrono Boost)  
  31  3:05  Probe (Chrono Boost)  
  32  3:09  Probe (Chrono Boost)  
  32  3:10  Blink (Chrono Boost), Probe (Chrono Boost)  
  34  3:20  Probe  
  34  3:21  Probe  
  36  3:32  Probe  
  36  3:33  Probe  
  38  3:34  Robotics Facility  
  38  3:43  Gateway  
  38  3:44  Probe  
  38  3:45  Probe  
  38  3:56  Probe  
  38  3:57  Pylon  
  38  3:58  Probe  
  38  3:59  Stalker x2  
  44  4:07  Assimilator  
  44  4:08  Probe  
  45  4:10  Probe  
  45  4:14  Pylon  
  46  4:18  Warp Prism (Chrono Boost)  
  46  4:20  Probe  
  46  4:22  Probe  
  50  4:25  Stalker  
  50  4:29  Stalker  
  54  4:37  Stalker, Pylon  
  56  4:50  Observer  
  57  4:53  Nexus  
  57  5:02  Probe x2  
  59  5:09  Stalker x3  
  59  5:13  Stalker x3  
Tags
 
Composition
Blink Stalkers
League
Master
Matchup
PvT
Replay Pack
December 2023
Spawn Locations
Cross Positions
Add a new tag
Caveats
  • Supply blocks, unpowered buildings, or Contaminate may cause inaccurate times.
  • Supply counts are checked every 10 seconds.